 Dungeon Crawl Stone Soup version 0.17-a0-2073-gde5cdba (webtiles) character file.

3817 brucemayne the Cleaver (level 9, -13/108 HPs)
             Began as a Demonspawn Berserker on Oct 14, 2015.
             Was an Elder of Trog.
             Mangled by a vault guard
             ... wielding a +0 battleaxe of electrocution
              (15 damage)
             ... on level 13 of the Dungeon.
             The game lasted 00:17:18 (2848 turns).

brucemayne the Cleaver (Demonspawn Berserker)       Turns: 2848, Time: 00:17:18

Health: -13/108    AC: 18    Str: 33    XL:     9   Next: 97%
Magic:  9/9        EV: 10    Int:  8    God:    Trog [****..]
Gold:   231        SH:  0    Dex: 14    Spells: 0 memorised, 8 levels left

rFire  + + .     SeeInvis .     A - +0 hand axe (chop)
rCold  . . .     Clarity  .     t - +1 fire dragon armour of Urizxig {rF++ rC- Str+8} (curse)
rNeg   . . .     SustAt   .     (no shield)
rPois  +         Gourm    .     q - +0 hat
rElec  .         Spirit   .     f - +2 cloak {rPois}
rCorr  .         Warding  .     (no gloves)
rMut   .         Stasis   .     d - +2 pair of boots {Fly}
MR     ++...                    (no amulet)
Stlth  ..........               (no ring)
                                (no ring)

@: mighty, berserking (expiring), flying, regenerating, very quick, very
resistant to hostile enchantments, extremely unstealthy
A: talons 2, molten scales 2, cold resistance 1, powered by pain 1
a: Burn Spellbooks, Berserk, Trog's Hand, Brothers in Arms, Renounce Religion,
Stop Flying


You were on level 13 of the Dungeon.
You worshipped Trog.
Trog was greatly pleased with you.
You were hungry.

You visited 2 branches of the dungeon, and saw 13 of its levels.

You collected 231 gold pieces.

Inventory:

Hand Weapons
 a - a +0 hand axe
 o - a +0 blowgun
 A - a +0 hand axe of chopping (weapon)
Missiles
 p - 34 poisoned needles
Armour
 b - a +0 animal skin
 d - a +2 pair of boots of flying (worn)
 f - a +2 cloak of poison resistance (worn)
 j - a +0 leather armour
 q - a +0 hat (worn)
 r - a +0 chain mail
 t - the cursed +1 fire dragon armour of Urizxig (worn) {rF++ rC- Str+8}
   (You found it on level 8 of the Dungeon)

   It affects your strength (+8).
   It greatly protects you from fire.
   It makes you vulnerable to cold.
   It has a curse placed upon it.
 v - a +0 large shield
 z - a +0 plate armour
Wands
 u - a wand of flame (10)
 w - a wand of confusion (19)
Scrolls
 s - a scroll of fog
 y - 2 scrolls of identify
Potions
 e - a potion of magic
 h - 2 potions of resistance
 k - a potion of brilliance
 x - a potion of degeneration {unknown}
 B - a potion of flight {unknown}
 C - a potion of agility {unknown}
Miscellaneous
 i - a plain deck of summoning
Comestibles
 c - 3 bread rations
 g - 9 royal jellies
 l - 3 meat rations
 n - 6 fruits
 D - 5 chunks of flesh


   Skills:
 + Level 7.2 Fighting
 + Level 11.7 Axes
 - Level 2.0 Armour
 - Level 1.7 Dodging


You had 8 spell levels left.
You didn't know any spells.

Dungeon Overview and Level Annotations

Branches:
Dungeon (13/15)            Temple (1/1) D:7            Lair (0/8) D:8
    Orc: D:9-12      Vaults: D:13-14

Altars:
Ashenzari
Cheibriados
Dithmenos
Gozag
Makhleb
Nemelex Xobeh
Qazlal
Ru
Trog
Xom
Zin

Shops:
D:12 [


Innate Abilities, Weirdness & Mutations

You have razor-sharp toenails.
You are mostly covered in molten scales (AC +3, EV -1).
Your flesh is cold resistant.
You sometimes gain a little power by taking damage.


Message History

The vault guard is heavily wounded.
The vault guard barely misses you.
Unknown command.
You slash the vault guard!
The vault guard is severely wounded.
You hit the vault guard.
The vault guard is lightly wounded.
You hit the vault guard but do no damage.
The vault guard is heavily wounded.
The vault guard hits you with a bardiche!
* * * LOW HITPOINT WARNING * * *
Unknown command.
You barely miss the vault guard.
The vault guard is severely wounded.
You hit the vault guard.
The vault guard is heavily wounded.
You hit the vault guard but do no damage.
The vault guard is lightly wounded.
The vault guard hits you with a battleaxe of electrocution!
You die...

### ################
#.. #........[.....#
#.. #.).........(<.#
#..
#..............#####..
#..............##..'..
#..............#..##..
#..(...........'.###..
#...p@p........### #..
####p#####.##### ###
#...# #.# . ###p# #..#
. #...# ##.# #...# .#
#..p# p# #...# .#
#...# .#


You could see 3 vault guards.

Vanquished Creatures
  A hill giant (D:13)
  A manticore (D:13)
  A centaur skeleton (D:13)
  An efreet (D:13)
  A kobold demonologist (D:13)
  Prince Ribbit (D:5)
  A deep elf fighter (D:8)
  2 soldier ants (D:8)
  A spider (D:8)
  3 orc warriors
  A wasp (D:13)
  2 black bears (D:8)
  A centaur (D:13)
  A crocodile (D:8)
  2 big kobolds
  A scorpion (D:8)
  2 crimson imps
  Crazy Yiuf (D:2)
  4 orc wizards
  An orc priest (D:13)
  2 worker ants
  2 iguanas
  An iron imp (D:7)
  A hound skeleton (D:4)
  3 river rats (D:8)
  3 shadow imps
  7 adders
  2 oozes
  2 adder skeletons
  2 worms
  A giant gecko (D:2)
  19 orcs
  4 hobgoblins
  4 jackals (D:5)
  A quokka (D:9)
  16 bats
  3 giant cockroaches
  2 giant gecko skeletons (D:5)
  5 giant newts
  5 goblins
  11 kobolds
  9 rats
134 creatures vanquished.

Vanquished Creatures (others)
  A trapdoor spider zombie (D:13)
  A fungus (D:8)
2 creatures vanquished.

Grand Total: 136 creatures vanquished

Notes
Turn   | Place    | Note
--------------------------------------------------------------
     0 | D:1      | brucemayne the Demonspawn Berserker began the quest for the Orb.
     0 | D:1      | Reached XP level 1. HP: 18/18 MP: 1/1
    50 | D:2      | Noticed Crazy Yiuf
    59 | D:2      | Killed Crazy Yiuf
    59 | D:2      | Gained mutation: You have sharp toenails. [demonic ancestry]
    59 | D:2      | Reached XP level 2. HP: 10/24 MP: 2/2
    59 | D:2      | Gained mutation: You are partially covered in molten scales (AC +1). [demonic ancestry]
    59 | D:2      | Reached XP level 3. HP: 11/29 MP: 3/3
   106 | D:2      | Found an opulent altar of Gozag.
   170 | D:1      | Reached skill level 4 in Axes
   250 | D:1      | Found a shattered altar of Ashenzari.
   371 | D:2      | Found a sparkling altar of Nemelex Xobeh.
   431 | D:2      | Reached ** piety under Trog
   436 | D:2      | Gained mutation: Your flesh is cold resistant. [demonic ancestry]
   436 | D:2      | Reached XP level 4. HP: 29/35 MP: 4/4
   448 | D:2      | Found a shadowy altar of Dithmenos.
   765 | D:3      | Found a stormy altar of Qazlal.
   936 | D:4      | Reached skill level 5 in Axes
   936 | D:4      | Reached XP level 5. HP: 35/41 MP: 5/5
  1028 | D:5      | Entered Level 5 of the Dungeon
  1047 | D:5      | Noticed Prince Ribbit
  1064 | D:5      | Killed Prince Ribbit
  1064 | D:5      | Reached skill level 6 in Axes
  1064 | D:5      | Gained mutation: You are mostly covered in molten scales (AC +3, EV -1). [demonic ancestry]
  1064 | D:5      | Reached XP level 6. HP: 42/47 MP: 6/6
  1226 | D:5      | Found a glowing silver altar of Zin.
  1242 | D:5      | Reached skill level 7 in Axes
  1280 | D:7      | Found a bloodstained altar of Trog.
  1451 | D:8      | Gained mutation: You have razor-sharp toenails. [demonic ancestry]
  1451 | D:8      | Reached XP level 7. HP: 45/52 MP: 7/7
  1464 | D:7      | Found a snail-covered altar of Cheibriados.
  1476 | D:7      | Reached *** piety under Trog
  1508 | D:7      | Found a staircase to the Ecumenical Temple.
  1517 | Temple   | Entered the Ecumenical Temple
  1774 | D:8      | Reached skill level 8 in Axes
  1803 | D:8      | Identified a scroll of acquirement
  1965 | D:8      | Got a slimy fire dragon armour
  1996 | D:8      | Identified the cursed +1 fire dragon armour of Urizxig {rF++ rC- Str+8} (You found it on level 8 of the Dungeon)
  2017 | D:8      | Found a staircase to the Lair.
  2017 | D:8      | Noticed a deep elf fighter
  2031 | D:8      | Killed a deep elf fighter
  2031 | D:8      | Reached skill level 9 in Axes
  2031 | D:8      | Reached XP level 8. HP: 37/58 MP: 8/8
  2117 | D:8      | Noticed a soldier ant
  2165 | D:8      | Noticed a soldier ant
  2188 | D:8      | Killed a soldier ant
  2237 | D:8      | Killed a soldier ant
  2255 | D:8      | Reached skill level 10 in Axes
  2281 | D:8      | You are sucked into a shaft for 3 floors!
  2312 | D:11     | Reached **** piety under Trog
  2463 | D:12     | Found Zepedeurch's Antique Armour Shoppe.
  2507 | D:13     | Noticed a kobold demonologist
  2588 | D:13     | Noticed an efreet
  2616 | D:13     | Killed an efreet
  2616 | D:13     | Gained mutation: You sometimes gain a little power by taking damage. [demonic ancestry]
  2616 | D:13     | Reached XP level 9. HP: 26/66 MP: 9/9
  2619 | D:13     | Noticed a cyclops
  2656 | D:13     | Noticed an orange demon
  2664 | D:13     | Killed a kobold demonologist
  2664 | D:13     | Reached skill level 5 in Fighting
  2664 | D:13     | Reached skill level 11 in Axes
  2691 | D:13     | Noticed a centaur skeleton
  2713 | D:13     | Killed a centaur skeleton
  2752 | D:13     | Noticed a slime creature
  2765 | D:13     | Noticed a hill giant
  2767 | D:13     | Noticed a manticore
  2775 | D:13     | Killed a hill giant
  2784 | D:13     | Killed a manticore
  2819 | D:13     | Noticed a vault guard
  2819 | D:13     | Noticed a vault guard
  2820 | D:13     | Noticed a vault guard
  2830 | D:13     | Noticed a vault guard
  2831 | D:13     | Noticed a vault guard
  2832 | D:13     | Noticed a vault guard
  2847 | D:13     | HP: 2/108 [vault guard/bardiche (7)]
  2848 | D:13     | Mangled by a vault guard

Vault maps used:
D:1:      dpeg_arrival_connections, minmay_strange_pillars,
          evilmike_ruin_ashenzari
D:2:      grunt_dithmenos_smoke_and_mirrors, nemelex_deck,
          grunt_gozag_breadcrumbs, first_bread, hex_large, patterned_corridor,
          uniq_crazy_yiuf_cottage
D:3:      lemuel_crystal_altar
D:4:      uniq_menkaure
D:5:      fedhas_altar_3, zin_statuary, dk_noncrumbling_4,
          okawaru_metal_pillars_3, uniq_prince_ribbit1
D:6:      minitemple, serial_shops, nicolae_shop_behind_doors
D:7:      slow_altar_1, overflow_temple_1_default,
          lemuel_temple_firewalk_marked, basic_altar
D:8:      grunt_lair_entry_elf_guard_hut, serial_shops,
          nicolae_shop_behind_doors, nicolae_shop_waterfront,
          hangedman_pestilent_swarm
D:9:      zombieorc2_lemuel, st_stairs_3, solitary_fountain
D:12:     serial_shops, shop, shop, nicolae_shop_trees
D:13:     erik_vaults_2, lab_entry_generic, st_stairs_10
Temple:   cyrus_temple_forest_13

Action                   |  1- 3 |  4- 6 |  7- 9 || total
-------------------------+-------+-------+-------++-------
Melee: Hand axe          |    61 |   176 |   331 ||   568
 Fire: Blowgun           |       |     3 |    16 ||    19
Invok: Berserk           |     4 |     2 |     7 ||    13
       Trog's Hand       |       |     1 |     6 ||     7
  Use: Potion            |     1 |     2 |     3 ||     6
       Scroll            |       |       |     8 ||     8
  Eat: Chunk             |     1 |     7 |     7 ||    15
       Pizza             |       |       |     1 ||     1
       Fruit             |       |       |     2 ||     2
       Royal jelly       |       |       |     1 ||     1
